 Dungeon Crawl Stone Soup version 0.21.1-1-g345015f (webtiles) character file.

128 Inarius the Chopper (level 5, 0/46 HPs)
             Began as a Hill Orc Fighter on Feb 19, 2018.
             Slain by a gnoll
             ... wielding a +0 spear
              (2 damage)
             ... on level 2 of the Dungeon.
             The game lasted 00:03:40 (1685 turns).

Inarius the Chopper (Hill Orc Fighter)              Turns: 1685, Time: 00:03:41

Health: 0/46       AC:  7    Str: 20    XL:     5   Next: 12%
Magic:  5/5        EV:  7    Int:  8    God:
Gold:   69         SH:  9    Dex: 10    Spells: 4/4 levels left

rFire    + . .     SeeInvis .   a - +0 war axe
rCold    . . .     Gourm    .   c - +0 shield
rNeg     . . .     Faith    .   b - +0 scale mail
rPois    .         Spirit   .   (no helmet)
rElec    .         Reflect  .   p - scarf {cloud immunity}
rCorr    .         Harm     .   (no gloves)
MR       .....                  (no boots)
Stlth    ..........             (no amulet)
HPRegen  0.15/turn              l - ring of protection from fire
MPRegen  0.09/turn              (no ring)

@: no status effects
A: no striking features
a: no special abilities


You were on level 2 of the Dungeon.
You were not hungry.

You visited 1 branch of the dungeon, and saw 2 of its levels.

You collected 69 gold pieces.

Inventory:

Hand Weapons
 a - a +0 war axe (weapon)
Armour
 b - a +0 scale mail (worn)
 c - a +0 shield (worn)
 d - a +0 cloak
 p - a scarf of cloud immunity (worn)
Jewellery
 l - a ring of protection from fire (left hand)
Scrolls
 i - a scroll of random uselessness {unknown}
 j - a scroll of magic mapping {unknown}
 k - a scroll of remove curse {unknown}
 m - 2 scrolls of enchant armour {unknown}
 o - a scroll of identify {unknown}
Potions
 e - a potion of curing {unknown}
 g - a potion of resistance {unknown}
 n - a potion of berserk rage {unknown}
Comestibles
 f - 4 rations


   Skills:
 + Level 4.1 Fighting
 + Level 4.4 Axes
 + Level 4.1 Armour
 + Level 0.9 Dodging
 + Level 4.1 Shields


You had 4 spell levels left.
You didn't know any spells.

Dungeon Overview and Level Annotations

Branches:
Dungeon (2/15)

Altars:
Ru
Zin


Message History

You kill the gnoll!
A jackal comes into view.
The jackal barks!
The gnoll barely misses you.
You slash the gnoll!
The gnoll is heavily wounded.
The gnoll hits you with a spear.
* * * LOW HITPOINT WARNING * * *
Your shield prevents you from hitting the gnoll.
The gnoll is heavily wounded.
The gnoll barely misses you.
You hit the gnoll.
The gnoll is almost dead.
The gnoll hits you with a spear.
* * * LOW HITPOINT WARNING * * *
You block the gnoll's attack.
You completely miss the gnoll.
The gnoll is almost dead.
The gnoll hits you with a spear.
You die...

...#.#.### ##..#..... .
#.......# #.....###. .
##.##...## #..###..... .#
#.###...###.# ####.. .# #.#
#...#...# ##. ####.# #.#
##....## # ....# #.#
##...####### #. #(†#
#.###..#.......# #.
#####(#######.##@.##.##....#
##
.....)..†.....hg.###.......#
##########.####### #####...#
### #####


You could see a gnoll and a jackal.

Vanquished Creatures
  Crazy Yiuf (D:2)
  2 gnolls (D:2)
  2 adders (D:2)
  2 oozes (D:1)
  2 dart slugs (D:1)
  3 orcs (D:2)
  A giant cockroach (D:1)
  3 goblins
  4 hobgoblins
  6 jackals (D:2)
  A quokka (D:2)
  A ball python (D:1)
  6 bats
  6 frilled lizards
  4 kobolds
  4 rats
48 creatures vanquished.

Notes
Turn   | Place    | Note
-------+----------+-------------------------------------------
     0 | D:1      | Inarius the Hill Orc Fighter began the quest for the Orb.
     0 | D:1      | Reached XP level 1. HP: 19/19 MP: 1/1
   315 | D:1      | Reached XP level 2. HP: 27/27 MP: 2/2
   757 | D:1      | Reached XP level 3. HP: 32/33 MP: 3/3
  1052 | D:2      | Found a sacrificial altar of Ru.
  1089 | D:2      | Found a runed door.
  1093 | D:2      | Noticed Crazy Yiuf
  1102 | D:2      | Killed Crazy Yiuf
  1102 | D:2      | Reached XP level 4. HP: 18/40 MP: 4/4
  1376 | D:2      | Found a glowing silver altar of Zin.
  1668 | D:2      | Reached XP level 5. HP: 10/46 MP: 5/5
  1684 | D:2      | HP: 2/46 [gnoll/spear (3)]
  1685 | D:2      | Slain by a gnoll

Skill      XL: |  1  2  3  4 |
---------------+-------------+-----
Axes           | 3 4 |  4.4
Fighting       | 4 |  4.1
Armour         | 4 |  4.1
Shields        | 4 |  4.1
Dodging        | |  0.9

Action                   |  1- 3 |  4- 6 || total
-------------------------+-------+-------++-------
Melee: War axe           |    79 |    85 ||   164
  Use: Potion            |     1 |       ||     1
  Eat: Chunk             |     1 |     2 ||     3
Armor: Scale mail        |    29 |    42 ||    71
Dodge: Dodged            |    20 |    31 ||    51
Block: Shield            |    36 |    55 ||    91
